 Dungeon Crawl Stone Soup version 0.29.0-4-gdea44cf6ec (webtiles) character file.

Game seed: 16396401652899105671

82 qw the Chopper (level 4, 0/26 HPs)
             Began as a Tengu Warper on Aug 28, 2022.
             Slain by an ogre
             ... wielding a +0 giant club
              (19 damage)
             ... on level 6 of the Dungeon.
             The game lasted 00:00:13 (2535 turns).

qw the Chopper (Tengu Warper)                       Turns: 2535, Time: 00:00:13

Health: 0/26       AC:  6    Str: 13    XL:     4   Next: 43%
Magic:  8/8        EV: 10    Int: 13    God:
Gold:   93         SH:  3    Dex: 14    Spells: 7/7 levels left

rFire   . . .      SeeInvis .   Y - +2 hand axe
rCold   . . .      Faith    .   i - +0 buckler
rNeg    . . .      Spirit   .   g - +0 ring mail
rPois   .          Reflect  .   (helmet restricted)
rElec   .          Harm     .   (no cloak)
rCorr   .          Rampage  .   j - +0 pair of gloves
Will    .....                   (boots unavailable)
Stlth   +.........              h - amulet of regeneration
HPRegen 0.88/turn               (no ring)
MPRegen 0.11/turn               (no ring)

@: weakened
A: beak, talons 3
a: no special abilities


You were on level 6 of the Dungeon.
You visited 1 branch of the dungeon, and saw 5 of its levels.

You collected 137 gold pieces.
You spent 44 gold pieces at shops.


Innate Abilities, Weirdness & Mutations

You have a beak for a mouth.
You have claws for feet.


   Skills:
 - Level 2.0 Fighting
 - Level 4.8 Axes
 - Level 1.0 Throwing
 - Level 1.1 Armour
 - Level 2.1 Dodging
 + Level 0.7 Shields
 - Level 2.0 Spellcasting
 - Level 2.4 Translocations


You had 7 spell levels left.
You didn't know any spells.
Your spell library contained the following spells:

 Spells                   Type           Power      Damage    Failure   Level
 Blink                    Tloc           14%        N/A       38%         2
 Gell's Gravitas          Tloc           7%         N/A       63%         3
 Lesser Beckoning         Tloc           7%         N/A       63%         3
 Teleport Other           Tloc           7%         N/A       63%         3
 Manifold Assault         Tloc           7%         N/A       100%        5

Inventory:

Hand Weapons
 f - the +7 flail of Kindness {vorpal, rF+++ rCorr Int+3 Dex-5}
   (You found it on level 3 of the Dungeon)

   It inflicts extra damage upon your enemies.
   Int:       It affects your intelligence (+3).
   Dex:       It affects your dexterity (-5).
   rF:        It renders you almost immune to fire.
   rCorr:     It protects you from acid and corrosion.
 Y - a +2 hand axe (weapon)
Armour
 g - a +0 ring mail (worn)
 i - a +0 buckler (worn)
 j - a +0 pair of gloves (worn)
Jewellery
 h - an amulet of regeneration (around neck)
Scrolls
 a - a scroll of identify
Potions
 d - a potion of mutation
 e - 3 potions of heal wounds
 l - a potion of curing

Dungeon Overview and Level Annotations

Branches:
Dungeon (4/15)
 Temple: D:4-7

Altars:
Gozag
Wu Jian

Shops:
D:1 *   D:3 *   D:6 (


Message History

You block the gnoll's attack.
You closely miss the gnoll. Your kick misses the gnoll.
The gnoll is moderately wounded.
You block the gnoll's attack.
The gnoll bouda gazes fiercely through you!
You feel your attacks grow feeble.
You hit the gnoll. You claw the gnoll.
You kill the gnoll!
You barely miss the gnoll bouda. Your kick misses the gnoll bouda.
You peck the gnoll bouda, but do no damage.
The gnoll bouda barks out a call to the hunt!
You hit the ogre.
The ogre is lightly wounded.
You hit the gnoll bouda but do no damage.
The gnoll bouda hits you but does no damage.
The ogre barely misses you.
You hit the ogre. Your kick misses the ogre.
The ogre is moderately wounded.
You hit the gnoll bouda. The gnoll bouda closely misses you.
The ogre closely misses you.
You barely miss the ogre. Your peck misses the ogre.
The ogre is moderately wounded.
You hit the gnoll bouda but do no damage.
The gnoll bouda hits you with a +0 whip.
A gnoll comes into view. It is wielding a +0 spear.
The gnoll shouts!
You hit the ogre. You claw the ogre.
The ogre is heavily wounded.
You hit the gnoll bouda but do no damage.
You block the gnoll bouda's attack. The ogre barely misses you.
The gnoll hits you from afar with a +0 spear.
The gnoll bouda gazes fiercely through you!
You feel as though you will be weak longer.
You block the gnoll bouda's attack.
You hit the ogre. Your kick misses the ogre.
The ogre is heavily wounded.
You hit the gnoll bouda but do no damage.
The ogre hits you with a +0 giant club!!
Ouch! That really hurt!
You die...

### ..# #.# #.#
#.# #.#
########@#
#.....#Og#
#......#gg..g.g#
#.......#...O..#
#.........##.#.#
#.....#.#.# ..
#######..... #.
###.### ...


You could see an ogre, a gnoll bouda and 2 gnolls.

Vanquished Creatures
  3 adders
  A gnoll (D:6)
  3 worms
  A dart slug (D:3)
  4 endoplasms
  2 goblins
  A hobgoblin (D:2)
  5 jackals
  2 quokkas
  2 ball pythons (D:1)
  3 bats
  2 frilled lizards
  2 kobolds (D:3)
  7 rats
38 creatures vanquished.

Notes
Turn   | Place    | Note
-------+----------+-------------------------------------------
     0 | D:1      | qw the Tengu Warper began the quest for the Orb.
     0 | D:1      | Reached XP level 1. HP: 12/12 MP: 4/4
     0 | D:1      | 0 ||| qw: Version: 0.1-a-89-g26bdef1
     0 | D:1      | 0 ||| qw: Game counter: 1081
     0 | D:1      | 0 ||| qw: Always use a shield: true
     0 | D:1      | 0 ||| qw: God list: Okawaru
     0 | D:1      | 0 ||| qw: Allow faded altars: false
     0 | D:1      | 0 ||| qw: Do Orc after D:15 true
     0 | D:1      | 0 ||| qw: Do second Lair branch before Depths: true
     0 | D:1      | 0 ||| qw: Lair rune preference: random
     0 | D:1      | 0 ||| qw: Plans: Normal
     0 | D:1      | 0 ||| PLANNING D:1-11
   528 | D:1      | Reached XP level 2. HP: 15/17 MP: 6/6
   564 | D:1      | Reached skill level 3 in Axes
   917 | D:1      | Found Oplonn's General Store.
   920 | D:1      | 920 ||| BUYING +0 ring mail (44 gold).
   920 | D:1      | Bought a +0 ring mail for 44 gold pieces
   920 | D:1      | 920 ||| SHOPLISTING +2 ring mail of poison resistance (198
                  | gold, have 8).
   920 | D:1      | 920 ||| SHOPLISTING potion of curing (33 gold, have 8).
   920 | D:1      | 920 ||| SHOPLISTING potion of might (44 gold, have 8).
   920 | D:1      | 920 ||| SHOPLISTING scroll of identify (22 gold, have 8).
   948 | D:1      | 948 ||| UPGRADING to +0 ring mail.
   958 | D:1      | 958 ||| DROPPING +0 leather armour.
   959 | D:1      | 959 ||| READING scroll labelled XUR SUKKEFALL.
   960 | D:1      | 960 ||| READING scroll labelled PEMPUG FERHIC.
   965 | D:1      | 965 ||| DROPPING scroll of blinking.
  1072 | D:2      | Found a faded altar of an unknown god.
  1103 | D:2      | 1103 ||| FLEEEEING.
  1123 | D:2      | 1123 ||| Stepping ~*~*~tactically~*~*~ (stealth).
  1176 | D:2      | Reached XP level 3. HP: 14/21 MP: 7/7
  1468 | D:2      | Reached skill level 4 in Axes
  1806 | D:2      | 1806 ||| READING 2 scrolls labelled FAUSEULETZ.
  1807 | D:2      | 1807 ||| DRINKING 2 bubbling black potions.
  1877 | D:3      | Identified the +7 flail of Kindness {vorpal, rF+++ rCorr
                  | Int+3 Dex-5}
  1879 | D:3      | 1879 ||| DROPPING +0 mace.
  1928 | D:3      | 1928 ||| READING scroll of enchant weapon.
  1928 | D:3      | 1928 ||| ENCHANTING +1 hand axe.
  1963 | D:3      | Found an ornate altar of the Wu Jian Council.
  2009 | D:3      | 2009 ||| Stepping ~*~*~tactically~*~*~ (hiding).
  2016 | D:3      | Reached XP level 4. HP: 26/26 MP: 8/8
  2208 | D:3      | Found an opulent altar of Gozag.
  2211 | D:3      | Found Gozag's Platinum Reserve.
  2258 | D:3      | 2258 ||| SHOPLISTING ring of Xom's Entertainment {rPois
                  | Str+4} (3540 gold, have 93).
  2258 | D:3      | 2258 ||| SHOPLISTING ring of Xorotus {Fire Fly Int-3
                  | Stlth+} (3060 gold, have 93).
  2478 | D:3      | 2478 ||| UPGRADING to +0 buckler.
  2483 | D:3      | 2483 ||| UPGRADING to +0 pair of gloves.
  2488 | D:3      | 2488 ||| UPGRADING to amulet of regeneration.
  2493 | D:3      | 2493 ||| READING scroll labelled RUR ICESOXOFFU.
  2494 | D:3      | 2494 ||| READING scroll labelled LEKKOX LUG.
  2495 | D:3      | 2495 ||| DRINKING 2 sedimented coppery potions.
  2496 | D:3      | 2496 ||| READING 3 scrolls of identify.
  2496 | D:3      | 2496 ||| IDENTIFYING bubbling brown potion
  2497 | D:3      | 2497 ||| READING 2 scrolls of identify.
  2497 | D:3      | 2497 ||| IDENTIFYING murky red potion
  2498 | D:3      | 2498 ||| DROPPING potion of magic.
  2516 | D:4      | You fall into a shaft and drop 2 floors!
  2521 | D:6      | Found Fyraeq's Antique Weapon Shop.
  2522 | D:6      | 2522 ||| Stepping ~*~*~tactically~*~*~ (stealth).
  2523 | D:6      | Noticed an ogre
  2524 | D:6      | 2524 ||| Stepping ~*~*~tactically~*~*~ (stealth).
  2526 | D:6      | 2526 ||| Stepping ~*~*~tactically~*~*~ (hiding).
  2535 | D:6      | Slain by an ogre

Levels and vault maps discovered:
D:1:      dpeg_arrival_simpleton_a, layout_loops_ring, serial_shops,
          nicolae_shop_window_shopping
D:2:      layout_basic, shapermc_ecumenical_altar_starsandcircs,
          minmay_misc_feat_rows, minmay_curled_crystal
D:3:      layout_basic, mainiacjoe_overflow_catwalk,
          nicolae_gozag_zags_fifth_avenue
D:4:      layout_rooms, nicolae_dithmenos_through_a_glass_darkly,
          minmay_temple_entry_statues_fountains, uniq_edmund
D:6:      layout_loops_cross, mainiacjoe_overflow_concentric_impassable,
          lemuel_round_altar, serial_shops, shop, minmay_misc_feat_enclosed,
          grunt_ministairs_9, minmay_misc_feat_chi, chequers_mini_garden,
          hangedman_abyss_or_decor_jellyfish_corner, uniq_eustachio,
          uniq_crazy_yiuf_cottage

Skill      XL: |  1  2  3 |
---------------+----------+-----
Axes           | 3 4 |  4.8
Fighting       | |  2.0
Throwing       | |  1.0
Armour         | |  1.1
Dodging        | |  2.1
Shields        | |  0.7
Spellcasting   | |  2.0
Translocations | |  2.4

Action                   |  1- 3 |  4- 6 || total
-------------------------+-------+-------++-------
Melee: Hand axe          |    62 |    22 ||    84
       Kick              |    23 |     6 ||    29
       Peck              |     7 |     2 ||     9
Throw: Boomerang         |     7 |       ||     7
  Use: Scroll            |     4 |     4 ||     8
       Potion            |     1 |     1 ||     2
Armor: Leather armour    |     6 |       ||     6
       Ring mail         |    11 |     4 ||    15
Dodge: Dodged            |    20 |     8 ||    28
Block: Buckler           |       |     4 ||     4

Table legend:
 A = Non-vault XP
 B = Vault XP
 C = Vault XP percentage of total XP
 D = Non-vault monster count
 E = Vault monster count
 F = Vault count percentage of total count
                 A         B        C        D         E       F
            +---------+---------+-------+---------+---------+-------
      Total |     118 |       0 |   0.0 |      38 |       0 |   0.0
            +---------+---------+-------+---------+---------+-------
        D:1 |      21 |       0 |   0.0 |      14 |       0 |   0.0
        D:2 |      45 |       0 |   0.0 |      11 |       0 |   0.0
        D:3 |      38 |       0 |   0.0 |      12 |       0 |   0.0
        D:6 |      14 |       0 |   0.0 |       1 |       0 |   0.0
            +---------+---------+-------+---------+---------+-------
